 Dungeon Crawl Stone Soup version 0.27-a0-46-g34d46f0a3f (webtiles) character file.

Game seed: 4816823660449437038

263 Borgoz the Covered (level 6, 0/43 HPs)
             Began as a Halfling Fighter on Jan 7, 2021.
             Was a Follower of Ashenzari.
             Slain by an orc wizard
             ... wielding a +0 dagger
              (2 damage)
             ... on level 4 of the Dungeon.
             The game lasted 00:03:52 (2819 turns).

Borgoz the Covered (Halfling Fighter)               Turns: 2819, Time: 00:03:53

Health: 0/43       AC:  7    Str: 19    XL:     6   Next: 43%
Magic:  6/6        EV: 11    Int:  6    God:    Ashenzari [*.....]
Gold:   154        SH: 10    Dex: 20    Spells: 5/5 levels left

rFire    . . .     SeeInvis .   a - +0 rapier
rCold    . . .     Faith    .   c - +0 kite shield
rNeg     . . .     Spirit   .   b - +0 scale mail
rPois    .         Reflect  .   (no helmet)
rElec    .         Harm     .   (no cloak)
rCorr    .         Rampage  .   (no gloves)
Will     .....                  (no boots)
Stlth    +.........             (no amulet)
HPRegen  0.14/turn              g - +6 ring of dexterity
MPRegen  0.10/turn              (no ring)

@: no status effects
A: small, mutation resistance 1
a: Renounce Religion, Curse Item, Scrying


You were on level 4 of the Dungeon.
You worshipped Ashenzari.
Ashenzari was aware of your devotion.
You visited 1 branch of the dungeon, and saw 4 of its levels.

You collected 154 gold pieces.

Inventory:

Hand Weapons
 a - a +0 rapier (weapon)
Armour
 b - a +0 scale mail (worn)
 c - a +0 kite shield (worn)
Jewellery
 g - a +6 ring of dexterity (left hand)
Scrolls
 i - 2 scrolls of teleportation
 m - a scroll of fog
 n - a scroll of identify
 o - a scroll of enchant weapon {unknown}
 p - a scroll of remove curse
Potions
 d - a potion of might
 e - a potion of haste
 f - a potion of degeneration {unknown}
 h - a potion of resistance {unknown}
 j - a potion of curing {unknown}
 k - 4 potions of heal wounds
 l - a potion of flight {unknown}


   Skills:
 * Level 4.1 Fighting
 + Level 3.7 Short Blades
 + Level 4.2 Armour
 + Level 2.3 Dodging
 + Level 2.6 Stealth
 - Level 3.3 Shields


You had 5 spell levels left.
You didn't know any spells.
Your spell library was empty.

Dungeon Overview and Level Annotations

Branches:
Dungeon (4/15)
 Temple: D:4-7

Altars:
Ashenzari
Dithmenos
Fedhas
Yredelemnul

Shops:
D:4 !


Innate Abilities, Weirdness & Mutations

You are small and have problems with some larger weapons.
You are somewhat resistant to further mutation.


Message History

The orc wizard is lightly wounded.
The orc wizard hits you but does no damage.
Your shield prevents you from hitting the orc wizard.
The orc wizard is lightly wounded.
The orc wizard points at you and mumbles some strange words.
The magic dart hits you. You block the ogre's attack.
Your shield prevents you from hitting the orc wizard.
The orc wizard is lightly wounded.
You block the orc wizard's attack. You block the orc's attack.
The ogre hits you with a +0 giant spiked club!
You puncture the orc wizard!
The orc wizard is heavily wounded.
You block the orc wizard's attack. The orc closely misses you.
You hit the orc wizard.
The orc wizard is heavily wounded.
The ogre hits you with a +0 giant spiked club!!
* * * LOW HITPOINT WARNING * * *
The orc wizard barely misses you. You block the orc's attack.
The orc wizard hits you with a +0 dagger.
You die...

#..............##
######..........
#.........#. .
##........## ..
###........## ..#
###..........# ..##
###...#####....# .....
#...### ###....##......
##.######......@o......
##...##..###..Oo......
#.....### ###.......<
#####.# #........ #.#
#........ #.# ..#......
#.# .##..##.. #.. . ..#
#. ...


You could see an ogre, an orc wizard and an orc.

Vanquished Creatures
  A human (D:3)
  2 adders
  2 oozes (D:2)
  A worm (D:2)
  4 dart slugs
  2 leopard geckos (D:2)
  5 orcs (D:4)
  2 giant cockroaches
  4 goblins
  11 hobgoblins
  2 quokkas
  3 ball pythons
  12 bats
  6 frilled lizards
  A jackal skeleton (D:3)
  7 kobolds
  A kobold zombie (D:3)
  8 rats
74 creatures vanquished.

Notes
Turn   | Place    | Note
-------+----------+-------------------------------------------
     0 | D:1      | Borgoz the Halfling Fighter began the quest for the Orb.
     0 | D:1      | Reached XP level 1. HP: 15/15 MP: 1/1
   285 | D:1      | Reached XP level 2. HP: 20/20 MP: 2/2
   456 | D:1      | Found a broken altar of Ashenzari.
   479 | D:1      | Became a worshipper of Ashenzari the Shackled
   632 | D:1      | Reached XP level 3. HP: 24/26 MP: 3/3
   672 | D:1      | Reached skill level 1 in Stealth
  1080 | D:2      | Reached skill level 1 in Dodging
  1439 | D:2      | Reached XP level 4. HP: 31/31 MP: 4/4
  1778 | D:2      | Found a shadowy altar of Dithmenos.
  1785 | D:2      | Found a blossoming altar of Fedhas.
  2077 | D:3      | Found a runed translucent door.
  2078 | D:3      | Noticed a human
  2099 | D:3      | Found a basalt altar of Yredelemnul.
  2132 | D:3      | Killed a human
  2133 | D:3      | Reached XP level 5. HP: 29/37 MP: 5/5
  2133 | D:3      | Reached XP level 6. HP: 34/43 MP: 6/6
  2320 | D:3      | Reached * piety under Ashenzari
  2719 | D:4      | Found Maiph's Distillery.
  2810 | D:4      | Noticed an ogre
  2819 | D:4      | HP: 2/43 [ogre/+0 giant spiked club (21)]
  2819 | D:4      | Slain by an orc wizard

Illustrated notes

Levels and vault maps discovered:
D:1:      minmay_arrival_plants_in_alcoves, layout_basic, ashenzari_altar_1
D:2:      layout_loops_ring, chequers_temple_overflow_statue_of_worship
D:3:      cheibrodos_old_hovel, layout_loops_ring, dk_yredelemnul_ordeal
D:4:      layout_layer_cave, overflow_temple_1_default,
          gammafunk_temple_overflow_pools, gammafunk_ghost_gnarly_gnolls,
          serial_shops, shop, minmay_checkerbox

Skill      XL: |  1  2  3  4 |
---------------+-------------+-----
Fighting       | 3 4 |  4.1
Stealth        | 1 2 |  2.6
Dodging        | 1 2 |  2.3
Short Blades   | 3 |  3.7
Armour         | 4 |  4.2
Shields        | |  3.3

Action                   |  1- 3 |  4- 6 || total
-------------------------+-------+-------++-------
Melee: Rapier            |   121 |   117 ||   238
  Use: Scroll            |     4 |     2 ||     6
       Potion            |       |     1 ||     1
 Stab: Sleeping          |       |     1 ||     1
Armor: Scale mail        |    55 |    32 ||    87
Dodge: Dodged            |    34 |    33 ||    67
Block: Kite shield       |    63 |    57 ||   120

Table legend: (Time is in decaauts)
 A = Elapsed time spent in this place.
 B = Non-inter-level travel time spent in this place.
 C = Inter-level travel time spent in this place.
 D = Time resting spent in this place.
 E = Time spent auto-exploring this place.
 F = Levels seen in this place.
 G = Mean time per level.
                   A        B        C        D        E       F      G
               +--------+--------+--------+--------+--------+-----+--------+
         Total |   2852 |   2732 |    120 |    334 |   1855 |   4 |  713.0 |
       Dungeon |   2852 |   2732 |    120 |    334 |   1855 |   4 |  713.0 |
               +--------+--------+--------+--------+--------+-----+--------+

Top non-repeatable levels by time:
     D:1: 1002 daAuts
     D:2: 898 daAuts
     D:3: 849 daAuts
     D:4: 101 daAuts
